[Event "*** SCC Grand Prix: Titled Tuesday Blitz"]
[Site "Chess.com"]
[Date "2020.06.23"]
[Round "4"]
[White "talaicito"]
[Black "ljuks68"]
[Result "1-0"]
[WhiteElo "2113"]
[BlackElo "2374"]
[TimeControl "180+1"]
[EndTime "10:38:21 PDT"]
[Termination "talaicito won by resignation"]

1. d4 d5 2. Bf4 Nf6 3. Nc3 Bf5 4. f3 e6 5. g4 Bg6 6. h4 h5 7. g5 Nfd7 8. e3 a6 9. Bd3 Bxd3 10. Qxd3 c5 11.
Nge2 Nc6 12. e4 Qb6 13. exd5 Nxd4 14. dxe6 Nxe6 15. Nd5 Qa5+ 16. Bd2 Qd8 17. g6 Be7 18. gxf7+ Kxf7 19. O-O-O Nf6 20. Nec3 b5 21. Rhg1 b4 22. Qg6+ Kf8 23. Nxf6 Bxf6 24. Bg5 Bxg5+ 25. Rxg5 Qf6 26. Rf5 1-0

[Event "*** SCC Grand Prix: Titled Tuesday Blitz"]
[Site "Chess.com"]
[Date "2020.06.23"]
[Round "4"]
[White "GregShahade"]
[Black "reutik"]
[Result "1/2-1/2"]
[WhiteElo "2569"]
[BlackElo "2426"]
[TimeControl "180+1"]
[EndTime "10:38:24 PDT"]
[Termination "Game drawn by repetition"]

1. e4 e6 2. d4 d5 3. Nd2 c5 4. exd5 exd5 5. Ngf3 Nc6 6. Bb5 Bd6 7. dxc5 Bxc5 8. O-O Ne7 9. Nb3 Bd6 10. Re1 O-O 11.
Bg5 f6 12. Bh4 Bc7 13. Bg3 Bb6 14. Nbd4 Nxd4 15. Nxd4 Nf5 16. Nxf5 Bxf5 17. Bd3 Qd7 18. Qd2 Rad8 19. Rad1 Bg6 20. Bxg6 hxg6 21. Qd3 Qf5 22.
Re7 Rf7 23. Rxf7 Kxf7 24. Kf1 Qxd3+ 25. Rxd3 g5 26. f3 Ke6 27. Bf2 Bxf2 28. Kxf2 Rc8 29. c3 Rc4 30. Ke3 Ke5 31. Rd4 b5 32.
g3 a5 33. Kd3 Rxd4+ 34. cxd4+ Kf5 35. h3 Ke6 36. Ke3 f5 37. g4 g6 38. Kd3 f4 39.
Kc3 Kd6 40. Kd3 Ke6 41. Kc3 Kf6 42. Kd3 Ke6 1/2-1/2

[Event "*** SCC Grand Prix: Titled Tuesday Blitz"]
[Site "Chess.com"]
[Date "2020.06.23"]
[Round "4"]
[White "imdarealist"]
[Black "Djager97"]
[Result "0-1"]
[WhiteElo "2307"]
[BlackElo "2462"]
[TimeControl "180+1"]
[EndTime "10:38:24 PDT"]
[Termination "Djager97 won by resignation"]

1. d4 d5 2. Bf4 Nf6 3. e3 c5 4.
dxc5 Nc6 5. Bb5 e6 6. b4 Be7 7. Nf3 O-O 8. c3 a5 9. Qb3 axb4 10. cxb4 Ne4 11. Bxc6 bxc6 12. Nbd2 Ba6 13. Nxe4 dxe4 14.
Rd1 Qc8 15. Ne5 Bb5 16. Qb2 Qa6 17. Rd2 Rfd8 18. Nd7 Ra7 19. Nb6 Rxd2 20. Kxd2 Bf6 21. Be5 Bxe5 22. Qxe5 Qxa2+ 23. Kc1 Qa1+ 24. Qxa1 Rxa1+ 25.
Kb2 Rxh1 26. Nd7 Rxh2 27. Ne5 0-1

[Event "*** SCC Grand Prix: Titled Tuesday Blitz"]
[Site "Chess.com"]
[Date "2020.06.23"]
[Round "4"]
[White "Godzillator"]
[Black "zaur-mammadov"]
[Result "1-0"]
[WhiteElo "2398"]
[BlackElo "2598"]
[TimeControl "180+1"]
[EndTime "10:38:25 PDT"]
[Termination "Godzillator won by resignation"]

1. d4 d5 2. c4 dxc4 3. Nf3 Nf6 4. e3 e6 5. Bxc4 c5 6. O-O cxd4 7. Qxd4 Nbd7 8. Nc3 Bc5 9. Qd1 O-O 10. b3 a6 11. Bb2 b5 12. Be2 Bb7 13. Nd4 Ne5 14.
Rc1 Rc8 15. h3 Qb6 16. Nf3 Rfd8 17. Qe1 Nxf3+ 18. Bxf3 Bxf3 19. gxf3 Bb4 20. Qe2 Qa5 21. Rfd1 Rxd1+ 22. Qxd1 h6 23. Ne2 Rd8 24. Qc2 Rd2 25. Qc8+ Kh7 26. Bxf6 Rxe2 27. Qd7 Kg6 28. Qd3+ Kxf6 29.
Qxe2 g5 30. Kg2 Ba3 31. Rc8 Qb4 32. Qc2 Qd6 33. Qc3+ Kg6 34. Rc6 Qd1 35. Qc2+ Qxc2 36. Rxc2 a5 37. Rc6 1-0

[Event "*** SCC Grand Prix: Titled Tuesday Blitz"]
[Site "Chess.com"]
[Date "2020.06.23"]
[Round "4"]
[White "Sueetin"]
[Black "Joshukid"]
[Result "0-1"]
[WhiteElo "2348"]
[BlackElo "2606"]
[TimeControl "180+1"]
[EndTime "10:38:26 PDT"]
[Termination "Joshukid won by resignation"]

1. d4 Nf6 2. c4 e6 3. Nf3 b6 4. a3 Bb7 5. Nc3 Ne4 6. Nxe4 Bxe4 7. Nd2 Bb7 8. e4 d5 9. cxd5 exd5 10. e5 c5 11. Bd3 Nc6 12. Nf3 cxd4 13. O-O Be7 14. b4 a6 15. Bb2 O-O 16. Nxd4 Nxe5 17. Bxh7+ Kxh7 18. Qh5+ Kg8 19. Qxe5 Bf6 20. Qh5 Rc8 21. Rad1 Rc4 22. Rd3 g6 23. Qh6 Bg7 24. Qxg7+ Kxg7 25. Ne6+ Kg8 26. Nxd8 Rxd8 27. Rfd1 Bc6 28. Bd4 Ba4 29. Rh3 f6 30. Rh8+ Kxh8 31. Bxf6+ Kh7 0-1

[Event "*** SCC Grand Prix: Titled Tuesday Blitz"]
[Site "Chess.com"]
[Date "2020.06.23"]
[Round "4"]
[White "124chess"]
[Black "Bayernbk"]
[Result "1-0"]
[WhiteElo "2717"]
[BlackElo "2452"]
[TimeControl "180+1"]
[EndTime "10:38:27 PDT"]
[Termination "124chess won by resignation"]

1. b3 d5 2. Bb2 c6 3. e3 Nf6 4. Nf3 Bg4 5. h3 Bh5 6. d3 Nbd7 7. Nbd2 e6 8. Be2 Be7 9. O-O O-O 10. c4 a5 11. a3 Re8 12. Qc2 Bg6 13. Nh4 Qb6 14.
Nxg6 hxg6 15. Nf3 Bf8 16. Rab1 e5 17. Rfc1 a4 18. b4 dxc4 19. Qxc4 Nd5 20. Qh4 Be7 21. Qe4 N7f6 22. Qc4 Bd6 23. Bf1 e4 24. dxe4 Nxe4 25. Qd4 Qxd4 26. Bxd4 Rac8 27. Bc4 b5 28. Bd3 f5 29.
Rc2 Ne7 30. Rbc1 Bb8 31. Bxe4 fxe4 32. Ng5 Nf5 33. Rxc6 Rxc6 34. Rxc6 Nxd4 35. exd4 Bf4 36. Ne6 Bc1 37. Nc7 1-0

[Event "*** SCC Grand Prix: Titled Tuesday Blitz"]
[Site "Chess.com"]
[Date "2020.06.23"]
[Round "4"]
[White "Kopytkin"]
[Black "NMZanette"]
[Result "1-0"]
[WhiteElo "2395"]
[BlackElo "2151"]
[TimeControl "180+1"]
[EndTime "10:38:27 PDT"]
[Termination "Kopytkin won by resignation"]

1. e4 e5 2. Nf3 Nc6 3. Bc4 Nf6 4. d3 Be7 5. Nc3 O-O 6. h3 d6 7. g4 Na5 8. Be3 Nxc4 9. dxc4 Be6 10. Qd3 c6 11. O-O-O Qa5 12. Kb1 Rfb8 13. Bd2 Qa6 14. b3 Nd7 15. Ng5 Nc5 16. Qe2 b5 17. cxb5 cxb5 18.
Nd5 Bxd5 19. exd5 Qb7 20. Bc1 a5 21. Ne4 Nxe4 22. Qxe4 a4 23. h4 Qa6 24. a3 axb3 25. cxb3 Rc8 26. Bb2 Bf8 27. h5 Rc5 28. Rc1 Rac8 29.
Rxc5 Rxc5 30. f4 exf4 31. h6 Qb7 32. Qxh7+ Kxh7 33. hxg7+ Kg6 34. g8=Q+ 1-0

[Event "*** SCC Grand Prix: Titled Tuesday Blitz"]
[Site "Chess.com"]
[Date "2020.06.23"]
[Round "4"]
[White "CarlosAlbornoz"]
[Black "Nafania1"]
[Result "1-0"]
[WhiteElo "2716"]
[BlackElo "2508"]
[TimeControl "180+1"]
[EndTime "10:38:30 PDT"]
[Termination "CarlosAlbornoz won by resignation"]

1. e4 e6 2. d4 d5 3. Nd2 Be7 4. e5 c5 5. c3 Nc6 6. Bd3 cxd4 7. cxd4 Qb6 8. Ndf3 Bb4+ 9. Kf1 f6 10. Be3 Be7 11. g3 Bd7 12. Ne2 f5 13. Kg2 Nh6 14. h3 Nf7 15. Qd2 g5 16. Nxg5 Nxg5 17. Bxg5 Bxg5 18.
Qxg5 Nxd4 19. Qh5+ Kf8 20. Nf4 Qd8 21. Ng6+ Kg7 22.
Nxh8 Kxh8 23. Rac1 Bc6 24. Rhd1 Qb6 25. Qh4 Rf8 26.
Bf1 Nb5 27. Kg1 Rf7 28. a3 a6 29. Qb4 Kg7 30. a4 a5 31. Qb3 d4 32. Bxb5 f4 33. Qd3 fxg3 34. fxg3 Bd5 35. Qxd4 Qd8 36. Rf1 Qg5 37. Rxf7+ Kxf7 38. Qf4+ 1-0

[Event "*** SCC Grand Prix: Titled Tuesday Blitz"]
[Site "Chess.com"]
[Date "2020.06.23"]
[Round "4"]
[White "obliviate12"]
[Black "QuintilianoR"]
[Result "1-0"]
[WhiteElo "2852"]
[BlackElo "2629"]
[TimeControl "180+1"]
[EndTime "10:38:31 PDT"]
[Termination "obliviate12 won by resignation"]

1. e4 e5 2. Nf3 Nc6 3. Bb5 a6 4.
Ba4 d6 5. O-O Bd7 6. c3 g6 7. d4 Bg7 8. Bg5 f6 9. Be3 Nh6 10. h3 O-O 11. Nbd2 Nf7 12. Re1 Qe7 13. Nf1 Rae8 14. Bc2 Kh8 15. Ng3 Ncd8 16. Qd2 Ne6 17. a4 Nfg5 18. Nh2 Nf7 19. b4 Rg8 20. Rad1 Qf8 21. Nf3 Bh6 22. Bxh6 Nxh6 23. dxe5 fxe5 24. Nxe5 dxe5 25. Qxd7 Nf4 26. Qxc7 Rc8 27. Qxe5+ Rg7 28. Rd7 Re8 29. Qxg7+ Qxg7 30. Rxg7 Kxg7 31. Ne2 Ne6 32. Rd1 Re7 33. Bb3 Nf8 34. f3 Rc7 35. Kf2 Nd7 36. a5 Nf7 37. Nf4 Rxc3 38. Bxf7 1-0

[Event "*** SCC Grand Prix: Titled Tuesday Blitz"]
[Site "Chess.com"]
[Date "2020.06.23"]
[Round "4"]
[White "BilodeauA"]
[Black "KaterynaLagno"]
[Result "1-0"]
[WhiteElo "2861"]
[BlackElo "2687"]
[TimeControl "180+1"]
[EndTime "10:38:32 PDT"]
[Termination "BilodeauA won by resignation"]

1. d4 Nf6 2. Nc3 g6 3. e4 d6 4.
f4 Bg7 5. Nf3 O-O 6. Bd3 Na6 7.
O-O c5 8. d5 Bg4 9. Bc4 Nc7 10.
h3 Bxf3 11. Qxf3 a6 12. a4 Nd7 13. a5 b5 14. axb6 Nxb6 15. Be2 Qd7 16. Nd1 e6 17.
dxe6 fxe6 18. c3 d5 19. Ne3 Qc6 20. Bd3 c4 21. exd5 exd5 22. Bc2 Rae8 23. Ng4 Qc5+ 24. Be3 Rxe3 25. Qxe3 Qxe3+ 26. Nxe3 d4 27. Nxc4 Nbd5 28. Be4 Rxf4 29. Bxd5+ Nxd5 30. Rxf4 Nxf4 31. cxd4 Bxd4+ 32. Kf1 Nd3 33. Rd1 1-0

[Event "*** SCC Grand Prix: Titled Tuesday Blitz"]
[Site "Chess.com"]
[Date "2020.06.23"]
[Round "4"]
[White "ENEASZ"]
[Black "Schachmalanders"]
[Result "1-0"]
[WhiteElo "2497"]
[BlackElo "2334"]
[TimeControl "180+1"]
[EndTime "10:38:34 PDT"]
[Termination "ENEASZ won by checkmate"]

1. e4 c5 2. c3 d5 3. exd5 Qxd5 4. d4 Nf6 5. Nf3 Bg4 6. Be2 e6 7. h3 Bh5 8. Na3 Nc6 9. Nb5 Qd8 10. dxc5 Nd5 11.
Bg5 f6 12. Bd2 Bxc5 13. c4 Nc7 14. Nxc7+ Qxc7 15. O-O O-O 16. Bc3 Rad8 17. Qc1 e5 18. Re1 Rd6 19. Nh4 Bxe2 20. Rxe2 Rfd8 21. Nf5 Rd3 22. a3 Nd4 23. Nxd4 Bxd4 24. Bxd4 R8xd4 25. c5 Qd7 26. Qc2 Qd5 27. Rc1 f5 28. c6 Rd1+ 29. Kh2 Rxc1 30. cxb7 Qxb7 31. Qxc1 e4 32. Qc5 Rd5 33. Qc4 Qd7 34. Rd2 Qd6+ 35. g3 e3 36. Qxd5+ Qxd5 37. Rxd5 f4 38. fxe3 g5 39. Rxg5+ Kf8 40. exf4 Ke8 41. Ra5 Kd8 42. Rxa7 Ke8 43. Rxh7 Kd8 44. h4 Ke8 45. g4 Kd8 46. g5 Ke8 47. f5 Kd8 48. g6 Ke8 49. h5 Kd8 50. h6 Ke8 51. f6 Kd8 52. b4 Ke8 53. a4 Kd8 54. b5 Kc8 55. a5 Kd8 56. a6 Kc8 57. b6 Kd8 58. Kg3 Kc8 59. Kf4 Kb8 60. Ke5 Kc8 61. Kd6 Kd8 62. Rh8# 1-0

[Event "*** SCC Grand Prix: Titled Tuesday Blitz"]
[Site "Chess.com"]
[Date "2020.06.23"]
[Round "4"]
[White "MikeSailer"]
[Black "Susal_De_Silva"]
[Result "0-1"]
[WhiteElo "2111"]
[BlackElo "2390"]
[TimeControl "180+1"]
[EndTime "10:38:34 PDT"]
[Termination "Susal_De_Silva won by checkmate"]

1. d4 Nf6 2. Nf3 e6 3. Bf4 d5 4. e3 Bd6 5. Nbd2 O-O 6. Bd3 c5 7. c3 b6 8. O-O Bb7 9. Ne5 Nc6 10. Ndf3 Ne7 11. h3 Ne4 12. Bxe4 dxe4 13. Nd2 cxd4 14.
cxd4 f6 15. Nec4 Bxf4 16. exf4 Qxd4 17. Qe2 Ng6 18. g3 e5 19. f5 Ne7 20. Ne3 Rad8 21.
Nb3 Qd3 22. Qg4 Nd5 23. Nxd5 Qxd5 24. Rad1 Qc6 25. Rc1 Qd5 26. Rc7 Rf7 27. Rxf7 Kxf7 28. Rc1 e3 29. Rc7+ Ke8 30. f3 Qd1+ 31. Kh2 Qe2+ 32. Kg1 Rd1# 0-1

[Event "*** SCC Grand Prix: Titled Tuesday Blitz"]
[Site "Chess.com"]
[Date "2020.06.23"]
[Round "4"]
[White "hansen"]
[Black "Karacsonyi_Gellert"]
[Result "1/2-1/2"]
[WhiteElo "2990"]
[BlackElo "2504"]
[TimeControl "180+1"]
[EndTime "10:38:36 PDT"]
[Termination "Game drawn by agreement"]

1. e4 c5 2. Nf3 Nc6 3. Bb5 g6 4.
Bxc6 dxc6 5. h3 Bg7 6. O-O Nf6 7. d3 Nd7 8. Nc3 e5 9. Be3 Qe7 10. Qd2 Nf8 11. Bh6 f6 12. Bxg7 Qxg7 13. Ne2 Ne6 14. Nh2 O-O 15. Qe3 Bd7 16. Rae1 Rae8 17. a3 Nd4 18. Nxd4 cxd4 19. Qd2 f5 20. f4 exf4 21.
Rxf4 fxe4 22. Rexe4 Rxe4 23. Rxe4 Qf6 24. Nf3 Bxh3 25.
Qf2 Be6 26. Qxd4 Bd5 27. Qxf6 Rxf6 28. Re3 Bxf3 29. gxf3 Kf7 30. Kf2 Re6 31. Re4 Rxe4 32. fxe4 h5 33. e5 h4 34. Kf3 g5 1/2-1/2

[Event "*** SCC Grand Prix: Titled Tuesday Blitz"]
[Site "Chess.com"]
[Date "2020.06.23"]
[Round "4"]
[White "iaraldinho"]
[Black "SaqoChess_Twitch"]
[Result "0-1"]
[WhiteElo "2546"]
[BlackElo "2410"]
[TimeControl "180+1"]
[EndTime "10:38:37 PDT"]
[Termination "SaqoChess_Twitch won by checkmate"]

1. e4 c5 2. Nf3 d6 3. d4 cxd4 4. Nxd4 Nf6 5. Nc3 g6 6. Be2 Bg7 7. Be3 O-O 8. O-O Nc6 9. Kh1 d5 10. exd5 Nxd5 11. Nxd5 Qxd5 12. Bf3 Qd7 13. Nxc6 bxc6 14.
c3 Rb8 15. b3 Bxc3 16. Rc1 Bg7 17. Bxc6 Qxd1 18. Rfxd1 Bb7 19. Bxa7 Ra8 20. Bxb7 Rxa7 21.
Rd7 Rxa2 22. Rxe7 Rxf2 23. Bd5 Bf6 24. Rd7 Bg5 25. Rb1 Rd8 26. Rxd8+ Bxd8 27. b4 Rd2 28. Bc6 Bb6 29. b5 Kg7 30. g3 h5 31. Ra1 g5 32. Ra6 Bc5 33. b6 g4 34. h3 h4 35. b7 hxg3 36. Bg2 Rd1+ 37. Bf1 Rxf1+ 38. Kg2 Rg1# 0-1

[Event "*** SCC Grand Prix: Titled Tuesday Blitz"]
[Site "Chess.com"]
[Date "2020.06.23"]
[Round "4"]
[White "Shield12"]
[Black "djano"]
[Result "1-0"]
[WhiteElo "2841"]
[BlackElo "2457"]
[TimeControl "180+1"]
[EndTime "10:38:38 PDT"]
[Termination "Shield12 won by resignation"]

1. e4 c5 2. Nf3 Nc6 3. Bb5 d6 4. Bxc6+ bxc6 5. O-O g6 6. e5 dxe5 7. Nxe5 Qd5 8. Re1 Bg7 9. Nc3 Qd6 10. Nc4 Qc7 11. Ne4 Nf6 12. Nxc5 O-O 13. h3 Nd5 14. d4 Rd8 15. c3 Nb6 16. Qe2 e6 17. Ne5 Nd5 18. Nf3 a5 19. Bg5 Re8 20. Rad1 h6 21.
Bc1 a4 22. a3 Qb6 23. Ne5 Ra7 24. Qf3 Qc7 25. c4 Bxe5 26. dxe5 Ne7 27. Bxh6 Nf5 28. Bg5 Qb6 29. Ne4 Ba6 30. Nf6+ Kf8 31. Nxe8 Kxe8 32.
Rd8+ 1-0

[Event "*** SCC Grand Prix: Titled Tuesday Blitz"]
[Site "Chess.com"]
[Date "2020.06.23"]
[Round "4"]
[White "youngKID"]
[Black "MrChampion_Coach"]
[Result "1-0"]
[WhiteElo "2757"]
[BlackElo "2442"]
[TimeControl "180+1"]
[EndTime "10:38:38 PDT"]
[Termination "youngKID won by resignation"]

1. e4 c5 2. Nf3 d6 3. Bb5+ Nd7 4. O-O Nf6 5. Re1 a6 6. Bf1 e5 7. c3 Be7 8. d4 O-O 9. a4 Re8 10. Nbd2 exd4 11. cxd4 cxd4 12. Nxd4 Nc5 13. b4 Ne6 14. Nf5 Bf8 15. Bb2 Ng5 16. Bd3 Bxf5 17. exf5 d5 18.
Rxe8 Nxe8 19. h4 Ne4 20. Nxe4 dxe4 21. Bxe4 Qxh4 22. Bxb7 Rd8 23. Qf3 Qxb4 24. Bc3 Qc4 25. Ba5 Rd3 26. Qe4 Qc2 27. Qxe8 Rd1+ 28. Rxd1 Qxd1+ 29.
Be1 a5 30. Ba6 g6 31. Bc4 Kg7 32. Qxf7+ 1-0

[Event "*** SCC Grand Prix: Titled Tuesday Blitz"]
[Site "Chess.com"]
[Date "2020.06.23"]
[Round "4"]
[White "RobertoJBM"]
[Black "argentum049"]
[Result "1-0"]
[WhiteElo "2660"]
[BlackElo "2427"]
[TimeControl "180+1"]
[EndTime "10:38:38 PDT"]
[Termination "RobertoJBM won by resignation"]

1. d4 Nf6 2. c4 g6 3. Nc3 Bg7 4. e4 O-O 5. f3 d6 6. Be3 Nc6 7. Qd2 a6 8. Rc1 Rb8 9. Bd3 Bd7 10. Nge2 Nh5 11. g4 Nf6 12. h4 h5 13. g5 Ne8 14.
f4 e5 15. dxe5 dxe5 16. f5 Nd4 17. O-O c5 18. Nd5 Nd6 19. f6 Bh8 20. Nxd4 cxd4 21. Bf2 Bh3 22. Rfe1 Qd7 23. Kh2 Rfe8 24. Bg3 Bg4 25.
Qf2 Rbd8 26. b3 Nc8 27. c5 Be6 28. Bc4 Bxd5 29. exd5 Qc7 30. Qxd4 Qa5 31. Qf2 e4 32.
Re2 Na7 1-0

[Event "*** SCC Grand Prix: Titled Tuesday Blitz"]
[Site "Chess.com"]
[Date "2020.06.23"]
[Round "4"]
[White "Chernov_Mikhail"]
[Black "tapu2"]
[Result "0-1"]
[WhiteElo "2350"]
[BlackElo "2607"]
[TimeControl "180+1"]
[EndTime "10:38:38 PDT"]
[Termination "tapu2 won by resignation"]

1. e4 Nf6 2. e5 Nd5 3. d4 d6 4.
Bc4 Nb6 5. Bb3 dxe5 6. Qh5 e6 7.
dxe5 Nc6 8. Nf3 g6 9. Qg4 h5 10. Qe4 Na5 11. Nc3 Nxb3 12. axb3 Nd5 13. Bg5 Nxc3 14.
bxc3 Be7 15. Rd1 Bxg5 16. Rxd8+ Bxd8 17. O-O O-O 18. Rd1 a5 19. c4 a4 20. g4 h4 21.
g5 axb3 22. cxb3 Kg7 23. Qxh4 Rh8 24. Qf4 Be7 25. Nd2 b6 26. Ne4 Bb7 27. Nf6 Rh3 28. f3 Rxf3 0-1

[Event "*** SCC Grand Prix: Titled Tuesday Blitz"]
[Site "Chess.com"]
[Date "2020.06.23"]
[Round "4"]
[White "Bigfish1995"]
[Black "Chepaschess"]
[Result "0-1"]
[WhiteElo "3039"]
[BlackElo "2833"]
[TimeControl "180+1"]
[EndTime "10:38:39 PDT"]
[Termination "Chepaschess won by resignation"]

1. e4 c5 2. Nf3 Nc6 3. Bb5 e5 4. O-O Nge7 5. c3 Ng6 6. d4 cxd4 7. cxd4 exd4 8. Nxd4 Qb6 9. Nxc6 dxc6 10. Bc4 Be7 11. Nc3 O-O 12. Kh1 Ne5 13. Be2 Be6 14. f4 Rad8 15.
Qc2 Ng4 16. Bxg4 Bxg4 17. f5 f6 18. Bf4 Rfe8 19. Rae1 Bh5 20. e5 fxe5 21. Bxe5 Bh4 22. Re4 Bg5 23. h4 Rd2 24. Qc1 Rd1 25. Qxd1 Bxd1 26.
hxg5 Bh5 27. g4 Bf7 28. Rfe1 Qf2 29. R1e2 Qf1+ 30. Kh2 Bd5 31. Nxd5 cxd5 32. R4e3 d4 33. Bxd4 Rxe3 0-1

[Event "*** SCC Grand Prix: Titled Tuesday Blitz"]
[Site "Chess.com"]
[Date "2020.06.23"]
[Round "4"]
[White "Durarbayli"]
[Black "keshka01"]
[Result "1-0"]
[WhiteElo "2846"]
[BlackElo "2556"]
[TimeControl "180+1"]
[EndTime "10:38:40 PDT"]
[Termination "Durarbayli won by resignation"]

1. e4 Nf6 2. e5 Nd5 3. Nf3 d6 4. d4 dxe5 5. Nxe5 c6 6. Be2 Bf5 7. O-O Nd7 8. Nf3 e6 9. a3 Bd6 10. c4 Nf4 11. Bxf4 Bxf4 12. Nc3 O-O 13. h3 e5 14. d5 Re8 15. Re1 Bg6 16. Bd3 Bxd3 17. Qxd3 Nc5 18. Qc2 e4 19. Nxe4 Nxe4 20. Rxe4 Rxe4 21.
Qxe4 Qf6 22. Rd1 Rd8 23. b4 Bb8 24. g3 h5 25. Kg2 g5 26. Rd3 cxd5 27. Rxd5 Rxd5 28.
Qxd5 g4 29. hxg4 hxg4 30. Nh2 1-0

[Event "*** SCC Grand Prix: Titled Tuesday Blitz"]
[Site "Chess.com"]
[Date "2020.06.23"]
[Round "4"]
[White "UKR_Master"]
[Black "LedakovAlexandr"]
[Result "0-1"]
[WhiteElo "2301"]
[BlackElo "2458"]
[TimeControl "180+1"]
[EndTime "10:38:41 PDT"]
[Termination "LedakovAlexandr won by resignation"]

1. e4 Nc6 2. d4 d6 3. h3 g6 4.
Nc3 Bg7 5. Be3 e5 6. Nge2 exd4 7. Nxd4 Nf6 8. g3 O-O 9. Bg2 Bd7 10. O-O Nxd4 11.
Bxd4 Bc6 12. Re1 Re8 13. Qd2 a5 14. a4 Nd7 15. Bxg7 Kxg7 16. f4 Qf6 17. Rad1 Nc5 18. Qd4 Qxd4+ 19. Rxd4 h5 20. Kf2 h4 21. g4 Ne6 22. Ke3 Nxd4 23. Kxd4 Ra6 24. Bf1 Raa8 25. b3 f6 26. Bc4 g5 27. f5 Re5 28. Be6 Re8 29.
Nb1 d5 30. Nd2 dxe4 31. Nc4 Rd8+ 32. Kc3 Rc5 33. b4 axb4+ 34. Kxb4 b6 35. a5 Rb5+ 36. Kc3 bxa5 37. Ra1 Ra8 0-1

[Event "*** SCC Grand Prix: Titled Tuesday Blitz"]
[Site "Chess.com"]
[Date "2020.06.23"]
[Round "4"]
[White "baby_leo"]
[Black "Tsyhanchuk_Stanislav"]
[Result "0-1"]
[WhiteElo "1967"]
[BlackElo "2376"]
[TimeControl "180+1"]
[EndTime "10:38:41 PDT"]
[Termination "Tsyhanchuk_Stanislav won by resignation"]

1. Nf3 c5 2. c4 Nc6 3. g3 g6 4.
Bg2 Bg7 5. O-O e6 6. d3 Nge7 7. Nc3 O-O 8. Bd2 d5 9. cxd5 exd5 10. a3 b6 11. Rb1 Bb7 12. b4 c4 13. d4 Nf5 14. e3 Nce7 15. Qe2 Nd6 16. Rfe1 Re8 17. a4 a5 18. Nb5 Ne4 19. bxa5 bxa5 20. Rec1 Nf5 21.
Be1 Bc6 22. Nd2 Ned6 23. Nxc4 Bxb5 24. axb5 dxc4 25. Bxa8 Qxa8 26. b6 Qb7 27. Qa2 h5 28. Qxa5 h4 29. Qa7 Qf3 30. gxh4 Nxh4 31. Kf1 Ndf5 32. b7 Nxe3+ 0-1

[Event "*** SCC Grand Prix: Titled Tuesday Blitz"]
[Site "Chess.com"]
[Date "2020.06.23"]
[Round "4"]
[White "Escanor89"]
[Black "vladislavkovalev"]
[Result "0-1"]
[WhiteElo "2557"]
[BlackElo "2902"]
[TimeControl "180+1"]
[EndTime "10:38:42 PDT"]
[Termination "vladislavkovalev won by resignation"]

1. c4 g6 2. Nc3 Bg7 3. d4 d6 4. e4 e5 5. dxe5 dxe5 6. Qxd8+ Kxd8 7. Be3 Be6 8. O-O-O+ Nd7 9. g3 c6 10. f4 Kc7 11. Bd3 Bh6 12. Kc2 Ngf6 13. h3 Nh5 14.
Nge2 exf4 15. gxf4 Ne5 16. b3 Rad8 17. Bc1 Nxd3 18. Rxd3 Rxd3 19. Kxd3 Rd8+ 20. Kc2 Bc8 21. Be3 b6 22. h4 Bg4 23. Rf1 Re8 24. Kd2 Bxe2 25. Nxe2 Rxe4 26. Kd3 Re8 27. Nd4 Rd8 28. Kc2 Bg7 29. Nf3 Ng3 30. Rg1 Nf5 31. Bd2 Bf6 32. Ng5 Nd4+ 33. Kc1 Ne2+ 0-1

[Event "*** SCC Grand Prix: Titled Tuesday Blitz"]
[Site "Chess.com"]
[Date "2020.06.23"]
[Round "4"]
[White "Maghalashvili"]
[Black "mbojan"]
[Result "1-0"]
[WhiteElo "2795"]
[BlackElo "2588"]
[TimeControl "180+1"]
[EndTime "10:38:43 PDT"]
[Termination "Maghalashvili won by resignation"]

1. Nf3 Nf6 2. g3 g6 3. Bg2 Bg7 4. O-O O-O 5. c4 d5 6. cxd5 Nxd5 7. d4 Nc6 8. Nc3 Nb6 9. Re1 Nxd4 10. Nxd4 Qxd4 11.
Qxd4 Bxd4 12. Nb5 Be5 13. f4 Bd6 14. Nxd6 exd6 15. e4 c6 16. a4 Be6 17. a5 Nc8 18.
f5 Bc4 19. b3 Bb5 20. Bf4 Rd8 21. Rad1 b6 22. e5 d5 23. e6 fxe6 24. fxg6 hxg6 25.
Rxe6 Kh7 26. Be4 Rg8 27. Bc2 a6 28. h4 Ra7 29. h5 Ne7 30. axb6 Rd7 31. Rde1 Rg7 32.
Bg5 d4 33. Rxe7 d3 34. Bd1 gxh5 35. Rxd7 Rxd7 36. Re7+ Rxe7 37. Bxe7 1-0

[Event "*** SCC Grand Prix: Titled Tuesday Blitz"]
[Site "Chess.com"]
[Date "2020.06.23"]
[Round "4"]
[White "MatyChess1"]
[Black "Sam_ChessMood"]
[Result "0-1"]
[WhiteElo "2547"]
[BlackElo "2817"]
[TimeControl "180+1"]
[EndTime "10:38:43 PDT"]
[Termination "Sam_ChessMood won on time"]

1. d4 Nf6 2. c4 e6 3. g3 d5 4.
Nf3 Bb4+ 5. Bd2 Bd6 6. Bg5 Be7 7. Bg2 O-O 8. O-O Nbd7 9. Qc2 c6 10. Rd1 b6 11. Nc3 Bb7 12. e4 dxc4 13. a4 b5 14.
e5 Nd5 15. Bxe7 Qxe7 16. axb5 N7b6 17. bxc6 Bxc6 18. Qe2 h6 19. Ne4 Rfb8 20. Nd6 a5 21.
Nxc4 Bb5 22. Nfd2 a4 23. Bf1 Rc8 24. Rdc1 Rc7 25. b3 Rac8 26. Rab1 axb3 0-1

[Event "*** SCC Grand Prix: Titled Tuesday Blitz"]
[Site "Chess.com"]
[Date "2020.06.23"]
[Round "4"]
[White "Artyom_ChessMate"]
[Black "kushagramohan"]
[Result "0-1"]
[WhiteElo "2511"]
[BlackElo "2725"]
[TimeControl "180+1"]
[EndTime "10:38:43 PDT"]
[Termination "kushagramohan won on time"]

1. e4 e5 2. Nf3 Nc6 3. Bb5 a6 4. Bxc6 dxc6 5. O-O Qf6 6. d4 exd4 7. Bg5 Qd6 8. Qxd4 h6 9. Bh4 Qxd4 10. Nxd4 Bd7 11. Bg3 O-O-O 12. Nc3 Bb4 13. Nce2 Re8 14. f3 Ne7 15. c3 Bc5 16. Kh1 f5 17. e5 Nd5 18.
f4 Rhf8 19. h4 g5 20. hxg5 hxg5 21. fxg5 Ne3 22. Rf3 Nc4 23. b3 Nxe5 24. Bxe5 Rxe5 25. Raf1 b5 26. b4 Bb6 27. g3 Rg8 28. Kg2 Rxg5 29.
Rh1 c5 30. bxc5 Bxc5 31. Rh8+ Kb7 32. Rh7 Rd5 33. Rf4 Kb6 34. Rh6+ Bd6 35. Rf3 c5 36. Ne6 Rg4 37. N6f4 Rd2 0-1

[Event "*** SCC Grand Prix: Titled Tuesday Blitz"]
[Site "Chess.com"]
[Date "2020.06.23"]
[Round "4"]
[White "Schandenfreude"]
[Black "ArnieChipmunk"]
[Result "1-0"]
[WhiteElo "2519"]
[BlackElo "2338"]
[TimeControl "180+1"]
[EndTime "10:38:43 PDT"]
[Termination "Schandenfreude won by resignation"]

1. Nf3 d5 2. e3 Nf6 3. c4 e6 4. b3 c5 5. Bb2 Nc6 6. cxd5 exd5 7. Bb5 Bd7 8. O-O Be7 9. d4 O-O 10. dxc5 Bxc5 11. Nc3 a6 12. Be2 Ba7 13. Nxd5 Nxd5 14. Qxd5 Qe7 15. Ne5 Nxe5 16. Qxe5 Qxe5 17. Bxe5 Rfe8 18.
Bb2 Bc6 19. Rfd1 Rad8 20. Rac1 Rxd1+ 21. Rxd1 f6 22. Bd4 Bxd4 23. Rxd4 Kf7 24. Kf1 Ke7 25. f3 Rc8 26. Rc4 Rd8 27. Ke1 Ke6 28. Rc2 g5 29.
Bxa6 Bxf3 30. gxf3 bxa6 31. Rc6+ Ke5 32. Rxa6 g4 33.
Ra5+ 1-0

[Event "*** SCC Grand Prix: Titled Tuesday Blitz"]
[Site "Chess.com"]
[Date "2020.06.23"]
[Round "4"]
[White "Andrii_Prydun"]
[Black "Carolina-moon"]
[Result "1-0"]
[WhiteElo "2386"]
[BlackElo "2040"]
[TimeControl "180+1"]
[EndTime "10:38:44 PDT"]
[Termination "Andrii_Prydun won on time"]

1. d4 f5 2. Nc3 Nf6 3. Bg5 d5 4. Bxf6 exf6 5. Nh3 Bd6 6. Nxd5 O-O 7. e3 Be6 8. Ndf4 Bf7 9. Bd3 c5 10. O-O cxd4 11.
Bxf5 g6 12. Ne6 Qd7 13. Nxf8 Qxf5 14. Qxd4 Bxf8 15. Qd8 Qd7 16. Rfd1 Qxd8 17. Rxd8 Kg7 18. Rad1 Be7 19. Rc8 Be6 20. Rc7 Nc6 21. Nf4 Bf7 22. Rxb7 Rc8 23. c3 Bd6 24. Rxd6 Ne5 25. Ne6+ 1-0